 Dungeon Crawl Stone Soup version 0.28.0-53-g5a82cb258f (webtiles) character file.

Game seed: 1741020482067588662

1134 DemonSlayer the Sneak (level 8, -1/54 HPs)
             Began as a Demonspawn Fire Elementalist on Aug 2, 2022.
             Was an Initiate of Cheibriados.
             Slain by a centaur skeleton (3 damage)
             ... on level 5 of the Dungeon.
             The game lasted 00:15:11 (6252 turns).

DemonSlayer the Sneak (DsFE)                        Turns: 6252, Time: 00:15:12

Health: -1/54      AC:  2    Str: 10    XL:     8   Next: 14%
Magic:  10/15      EV: 12    Int: 20    God:    Cheibriados [......]
Gold:   149        SH:  0    Dex: 14    Spells: 6/16 levels left

rFire   + . .      SeeInvis .   c - +0 dagger
rCold   + . .      Faith    .   (no shield)
rNeg    . . .      Spirit   .   a - +0 robe
rPois   +          Reflect  .   (no helmet)
rElec   +          Harm     .   (no cloak)
rCorr   +          Rampage  .   (no gloves)
Will    .....                   (no boots)
Stlth   +++.......              (no amulet)
HPRegen 0.18/turn               (no ring)
MPRegen 0.14/turn               (no ring)

@: resistant, very slow
A: hooves 2, foul stench 2, demonic magic 1
a: Renounce Religion


You were on level 5 of the Dungeon.
You worshipped Cheibriados.
Cheibriados was noncommittal.
You visited 2 branches of the dungeon, and saw 6 of its levels.

You collected 149 gold pieces.

Inventory:

Hand Weapons
 c - a +0 dagger (weapon)
Missiles
 m - 20 sling bullets
Armour
 a - a +0 robe (worn)
 f - an orb of energy
Scrolls
 b - a scroll of teleportation
 h - 2 scrolls of enchant armour {unknown}
 i - a scroll of magic mapping {unknown}
 n - a scroll of fog {unknown}
 o - a scroll of blinking
Potions
 g - a potion of invisibility {unknown}
 j - a potion of brilliance {unknown}
 k - a potion of magic {unknown}
 p - a potion of mutation {unknown}


   Skills:
 + Level 1.2 Fighting
 + Level 1.5 Short Blades
 + Level 2.3 Dodging
 + Level 6.1 Stealth
 + Level 4.6 Spellcasting
 + Level 2.6 Conjurations
 + Level 4.7 Fire Magic


You had 6 spell levels left.
You knew the following spells:

 Your Spells              Type           Power      Damage    Failure   Level
a - Foxfire               Conj/Fire      76%        2x1d7     2%          1
b - Scorch                Fire           46%        2d7       2%          2
c - Conjure Flame         Conj/Fire      19%        6-21      8%          3
d - Flame Wave            Conj/Fire      19%        2d6       26%         4

Your spell library contained the following spells:

 Spells                   Type           Power      Damage    Failure   Level
 Inner Flame              Hex/Fire       14%        N/A       14%         3


Dungeon Overview and Level Annotations

Branches:
Dungeon (5/15)             Temple (1/1) D:4

Altars:
Ashenzari
Cheibriados
Dithmenos
Elyvilon
Fedhas
Gozag
Kikubaaqudgha
Makhleb
Nemelex Xobeh
Okawaru
Qazlal
Ru
Sif Muna
Trog
Uskayaw
Vehumet
Wu Jian
The Shining One

Annotations:
D:5 1 runed translucent door, Zeld's ghost, amateur MfIE


Innate Abilities, Weirdness & Mutations

You have hoof-like feet.
You sometimes emit foul miasma when damaged in melee.
Spells you cast may paralyse adjacent enemies.


Message History

The wyvern zombie is almost destroyed.
You hit the shadow imp.
You kick the shadow imp, but do no damage.
The shadow imp is lightly wounded.
You closely miss the shadow imp.
The shadow imp is lightly wounded.
The wyvern zombie bites you but does no damage.
The shadow imp barely misses you. The wyvern zombie bites you!
You barely miss the shadow imp.
You kick the shadow imp, but do no damage.
The shadow imp closely misses you. The wyvern zombie bites you.
* * * LOW HITPOINT WARNING * * *
You closely miss the shadow imp. The shadow imp misses you.
The wyvern zombie barely misses you.
You feel better. The wyvern zombie barely misses you. The shadow imp hits you.
Unknown command.
You feel better. The wyvern zombie bites you! The shadow imp barely misses you.
The wyvern zombie bites you!
* * * LOW HITPOINT WARNING * * *
As you read the scroll of teleportation, it crumbles to dust.
You feel strangely unstable. The shadow imp completely misses you.
The wyvern zombie misses you.
Found an Inescapable Atlas.
The shadow imp hits you.
* * * LOW HITPOINT WARNING * * *
The wyvern zombie bites you.
* * * LOW HITPOINT WARNING * * *
You emit a cloud of foul miasma!
The wyvern zombie is no longer more vulnerable to fire.
The shadow imp completely misses you.
Your surroundings suddenly seem different.
The centaur skeleton misses you.
The centaur skeleton kicks you but does no damage.
It was a potion of cancellation.
You feel magically purged. The centaur skeleton hits you.
* * * LOW HITPOINT WARNING * * *
The centaur skeleton misses you.
It was a potion of resistance.
You feel protected. The centaur skeleton hits you.
You die...

#### ..# ####### #.# #.....# ##
#@# ##.###.# ..> #Z# #....#.# #.#
#.# ###..#.#.# #.# #.# #........#
#.# #.# #...##.... . #.#
########.#######...######
.####[###...........#.........###
...[.............................
.##.#..##.####...##.#.........###


You could see a centaur skeleton.

Vanquished Creatures
  2 ogres
  A necrophage (D:5)
  2 scorpions (D:5)
  A water moccasin zombie (D:5)
  A howler monkey (D:4)
  2 centaur zombies (D:5)
  5 bullfrog zombies (D:5)
  A hound (D:5)
  A bullfrog skeleton (D:5)
  An iguana (D:4)
  Terence (D:2)
  A killer bee zombie (D:5)
  A hound zombie (D:5)
  2 hound skeletons
  2 howler monkey zombies (D:5)
  13 gnolls
  6 adders
  4 dart slugs
  9 ball pythons
  9 endoplasms
  A giant cockroach (D:3)
  6 hobgoblins
  7 bats
  3 frilled lizards (D:2)
  7 goblins
  6 kobolds
  2 rats
97 creatures vanquished.

Vanquished Creatures (collateral kills)
  A foxfire (D:2)
1 creature vanquished.

Vanquished Creatures (others)
  184 foxfires
  A plant (D:4)
  12 withered plants (D:5)
197 creatures vanquished.

Grand Total: 295 creatures vanquished

Notes
Turn   | Place    | Note
-------+----------+-------------------------------------------
     0 | D:1      | DemonSlayer the Demonspawn Fire Elementalist began the
                  | quest for the Orb.
     0 | D:1      | Reached XP level 1. HP: 13/13 MP: 3/3
   306 | D:1      | Reached skill level 2 in Stealth
   497 | D:1      | Gained mutation: Spells you cast may paralyse adjacent
                  | enemies. [demonic ancestry]
   497 | D:1      | Reached XP level 2. HP: 19/19 MP: 0/5
  1321 | D:1      | Gained mutation: You have large cloven feet. [demonic
                  | ancestry]
  1321 | D:1      | Reached XP level 3. HP: 25/25 MP: 6/6
  1437 | D:1      | Learned a level 2 spell: Scorch
  1441 | D:1      | Learned a level 3 spell: Conjure Flame
  1510 | D:2      | Found a faded altar of an unknown god.
  1956 | D:2      | Noticed Terence
  1996 | D:2      | Killed Terence
  1997 | D:2      | Reached skill level 3 in Stealth
  1997 | D:2      | Reached XP level 4. HP: 31/31 MP: 0/7
  2173 | D:2      | Found an ornate altar of the Wu Jian Council.
  3369 | D:3      | Reached XP level 5. HP: 35/36 MP: 3/8
  3417 | D:3      | Found an ornate altar of the Wu Jian Council.
  3418 | D:3      | Found a bloodstained altar of Trog.
  3589 | D:3      | Reached skill level 4 in Stealth
  4336 | D:4      | Found a staircase to the Ecumenical Temple.
  4347 | Temple   | Entered the Ecumenical Temple
  4452 | Temple   | Became a worshipper of Cheibriados the Contemplative
  4530 | D:4      | Gained mutation: You have hoof-like feet. [demonic
                  | ancestry]
  4530 | D:4      | Reached XP level 6. HP: 34/42 MP: 7/10
  5290 | D:4      | Learned a level 4 spell: Flame Wave
  5351 | D:5      | Entered Level 5 of the Dungeon
  5369 | D:5      | Gained mutation: You may rarely emit foul miasma when
                  | damaged in melee. [demonic ancestry]
  5369 | D:5      | Reached XP level 7. HP: 46/47 MP: 2/12
  5463 | D:5      | Found a runed translucent door.
  5467 | D:5      | Noticed Zeld's ghost (amateur MfIE)
  5478 | D:5      | Reached skill level 5 in Stealth
  5756 | D:5      | Reached skill level 1 in Fighting
  5774 | D:5      | Reached skill level 1 in Short Blades
  6081 | D:5      | Gained mutation: You sometimes emit foul miasma when
                  | damaged in melee. [demonic ancestry]
  6081 | D:5      | Reached XP level 8. HP: 52/54 MP: 5/14
  6178 | D:5      | Reached skill level 6 in Stealth
  6241 | D:5      | HP: 2/54 [wyvern zombie (5)]
  6251 | D:5      | HP: 1/54 [centaur skeleton (3)]
  6252 | D:5      | Slain by a centaur skeleton

Illustrated notes

Levels and vault maps discovered:
D:1:      dpeg_arrival_simpleton_c, layout_basic
D:2:      layout_loops_ring, shapermc_ecumenical_altar_notcrosses, basic_altar,
          uniq_terence
D:3:      layout_rooms, gammafunk_temple_overflow_statue, nrook_loot_triangle
D:4:      layout_gridville, minmay_temple_entry_overgrown
D:5:      layout_loops_ring, hellmonk_ghost_happy_afterlife, serial_undead,
          serial_undead_d, serial_undead_b, serial_undead_b, serial_undead_b,
          serial_undead_b, serial_undead_d, serial_undead_e, serial_undead_c
Temple:   minmay_temple_bridge_d

Skill      XL: |  1  2  3  4  5  6  7  8 |
---------------+-------------------------+-----
Stealth        | 2 3 4 5 6 |  6.1
Fire Magic     | 3 4 |  4.7
Conjurations   | 2 |  2.6
Spellcasting   | 3 4 |  4.6
Dodging        | 2 |  2.3
Fighting       | 1 |  1.2
Short Blades   | 1 |  1.5

Action                   |  1- 3 |  4- 6 |  7- 9 || total
-------------------------+-------+-------+-------++-------
Melee: Unarmed           |    15 |       |       ||    15
       Dagger            |    17 |    45 |    29 ||    91
       Short sword       |     2 |       |       ||     2
       Kick              |     1 |    10 |     6 ||    17
       Punch             |       |     1 |       ||     1
 Cast: Foxfire           |    70 |    46 |    14 ||   130
       Scorch            |     3 |    29 |    19 ||    51
  Use: Scroll            |       |     3 |     3 ||     6
       Potion            |       |       |     4 ||     4
 Stab: Paralysed         |    10 |    25 |    16 ||    51
       Sleeping          |     5 |     5 |     4 ||    14
Armor: Robe              |     4 |     5 |    15 ||    24
Dodge: Dodged            |    19 |    32 |    51 ||   102
